 Dungeon Crawl Stone Soup version 0.27.1-2-g3b301248ec (webtiles) character file.

Game seed: 5144177080860600288

43 Descartes the Sneak (level 3, -4/18 HPs)
             Began as a Spriggan Wanderer on Oct 1, 2021.
             Slain by an orc (9 damage)
             ... on level 3 of the Dungeon.
             The game lasted 00:06:21 (2197 turns).

Descartes the Sneak (Spriggan Wanderer)             Turns: 2197, Time: 00:06:22

Health: -4/18      AC:  2    Str:  9    XL:     3   Next: 37%
Magic:  5/5        EV: 16    Int: 14    God:
Gold:   55         SH:  0    Dex: 13    Spells: 2/4 levels left

rFire    . . .     SeeInvis +   a - +2 dagger (venom)
rCold    . . .     Faith    .   (shield restricted)
rNeg     . . .     Spirit   .   d - +0 robe
rPois    .         Reflect  .   (helmet restricted)
rElec    .         Harm     .   (no cloak)
rCorr    .         Rampage  .   (gloves unavailable)
Will     .....                  (boots unavailable)
Stlth    +.........             (no amulet)
HPRegen  0.06/turn              (no ring)
MPRegen  0.09/turn              (no ring)

@: confused, very quick
A: very small, no large weapons, unfitting armour, see invisible, speed 3
a: no special abilities


You were on level 3 of the Dungeon.
You visited 1 branch of the dungeon, and saw 3 of its levels.

You collected 55 gold pieces.

Inventory:

Hand Weapons
 a - a +2 dagger of venom (weapon)
 b - a +0 hunting sling
Missiles
 g - 37 arrows
 h - 33 stones
Armour
 d - a +0 robe (worn)
Wands
 l - a wand of paralysis (3)
Scrolls
 f - a scroll of identify {unknown}
 i - 2 scrolls of fog {unknown}
 j - 2 scrolls of immolation {unknown}
 m - a scroll of blinking
 o - a scroll of summoning {unknown}
Potions
 c - a potion of lignification
 e - a potion of curing {unknown}
 k - a potion of might {unknown}
 n - a potion of cancellation {unknown}
 p - a potion of brilliance {unknown}
 q - a potion of ambrosia {unknown}


   Skills:
 - Level 1.5 Fighting
 + Level 2.5 Short Blades
 + Level 1.5 Dodging
 + Level 4.8 Stealth
 + Level 1.1 Spellcasting
 + Level 0.6 Conjurations
 + Level 0.1 Hexes
 - Level 1.0 Necromancy
 + Level 0.0 Translocations
 - Level 3.0 Transmutations
 + Level 0.5 Air Magic


You had 2 spell levels left.
You knew the following spells:

 Your Spells              Type           Power      Damage    Failure   Level
a - Shock                 Conj/Air       8%         1d3       21%         1
b - Apportation           Tloc           0%         N/A       26%         1

Your spell library contained the following spells:

 Spells                   Type           Power      Damage    Failure   Level
 Animate Skeleton         Necr           6%         N/A       17%         1
 Corona                   Hex            1%         N/A       24%         1
 Summon Small Mammal      Summ           0%         N/A       26%         1
 Slow                     Hex            1%         N/A       36%         2
 Vampiric Draining        Necr           1%         2d6       45%         3
 Mephitic Cloud           Conj/Pois/Air  1%         N/A       54%         3
 Confusing Touch          Hex            1%         N/A       58%         3
 Gell's Gravitas          Tloc           0%         N/A       61%         3
 Lesser Beckoning         Tloc           0%         N/A       61%         3
 Teleport Other           Tloc           0%         N/A       61%         3
 Alistair's Intoxication  Tmut/Pois      3%         N/A       98%         5
 Invisibility             Hex            0%         N/A       100%        6


Dungeon Overview and Level Annotations

Branches:
Dungeon (3/15)

Altars:

Annotations:
D:3 Ijyb


Innate Abilities, Weirdness & Mutations

You are very small and have problems with some larger weapons.
You are too small for most types of armour.
You have supernaturally acute eyesight. (SInv)
You cover ground extremely quickly. (Speed+++)


Message History

You are too confused!
You are too confused!
You are too confused!
You are too confused!
You are too confused!
You are too confused!
You are too confused!
You barely miss the bush.
Ijyb zaps a wand.
You resist with some effort.
An orc comes into view. It is wielding a +0 trident.
You bump into the tree.
Ijyb zaps a wand.
You resist with some effort.
The orc hits you from afar with a +0 trident.
You see here a ball python corpse.
You feel less confused.
Ijyb zaps a wand.
Your will is overpowered!
You are confused.
You bump into the rock wall.
The orc hits you from afar with a +0 trident!
You're too confused to move!
Ijyb screams, "Me very upset!"
Ijyb zaps a wand.
You resist with some effort.
The orc hits you from afar with a +0 trident.
* * * LOW HITPOINT WARNING * * *
You bump into the rock wall.
Ijyb closely misses you. The orc completely misses you.
You bump into the rock wall.
Ijyb misses you.
You bump into the rock wall.
You feel less confused.
Ijyb zaps a wand.
Your will is overpowered!
You are confused.
Ijyb barely misses you. The orc barely misses you.
You bump into the rock wall.
Ijyb screams, "You nasty!
Big nasty!"
Ijyb zaps a wand.
You resist with some effort. Ijyb misses you. The orc misses you.
You barely miss Ijyb.
You bump into the rock wall.
Ijyb misses you.
The orc hits you from afar with a +0 trident!
Ouch! That really hurt!
You die...

#.... #.... #...#+#
#...#.# #...#.#
#...#.#
##.##...#.##########.#
#.>...<........†.....#
#...##.##@go♣♣.♣♣##..#
#. #.#####♣..P♣ ..#
♣♣.♣♣ .### ♣..♣ ..
♣.♣♣ .. #.# ... ...
##. .


You could see Ijyb and an orc.

Vanquished Creatures
  An adder (D:2)
  4 ball pythons
  2 bats (D:1)
  3 endoplasms (D:1)
  2 giant cockroaches (D:1)
  6 goblins
  A hobgoblin (D:2)
  3 jackals (D:1)
  3 quokkas
  4 rats (D:1)
29 creatures vanquished.

Vanquished Creatures (others)
  2 plants (D:3)
2 creatures vanquished.

Grand Total: 31 creatures vanquished

Notes
Turn   | Place    | Note
-------+----------+-------------------------------------------
     0 | D:1      | Descartes the Spriggan Wanderer began the quest for the
                  | Orb.
     0 | D:1      | Descartes set off with the following items: a +2 dagger, a
                  | scroll of blinking, a potion of lignification, a +0 robe;
                  | and the following spell memorised: Shock; and the following
                  | spells available to memorise: Mephitic Cloud
     0 | D:1      | Reached XP level 1. HP: 10/10 MP: 2/2
   315 | D:1      | Reached XP level 2. HP: 14/14 MP: 0/3
   486 | D:1      | Reached skill level 1 in Dodging
   930 | D:1      | Reached skill level 1 in Spellcasting
  1415 | D:2      | Learned a level 1 spell: Apportation
  1432 | D:2      | Reached XP level 3. HP: 18/18 MP: 5/5
  2168 | D:3      | Noticed Ijyb
  2197 | D:3      | Slain by an orc

Illustrated notes

Levels and vault maps discovered:
D:1:      lemuel_arrival_room, layout_basic
D:2:      layout_loops_ring
D:3:      layout_basic, serial_forest, infiniplex_forest_straight_4,
          infiniplex_forest_zigzag_2, infiniplex_forest_clump_curved,
          infiniplex_forest_corner_2, infiniplex_forest_clump_tiny,
          infiniplex_forest_split, infiniplex_forest_end_1,
          infiniplex_forest_straight_4, infiniplex_forest_clump_double,
          infiniplex_forest_lined_3, uniq_terence, uniq_ijyb,
          uniq_crazy_yiuf_cottage

Skill      XL: |  1  2 |
---------------+-------+-----
Dodging        | 1 |  1.5
Spellcasting   | 1 |  1.1
Transmutations | 3 |  3.0
Fighting       | |  1.5
Short Blades   | |  2.5
Stealth        | |  4.8
Conjurations   | |  0.6
Hexes          | |  0.1
Necromancy     | |  1.0
Air Magic      | |  0.5

Action                   || total
-------------------------++-------
Melee: Dagger            ||    54
 Cast: Shock             ||    32
 Stab: Sleeping          ||     3
Armor: Robe              ||     9
Dodge: Dodged            ||    65
